 Dungeon Crawl Stone Soup version 0.29-a0-857-g9b1aa3ac5b (webtiles) character file.

Game seed: 12898726418761283796

1444 Hasart the Shooter (level 8, 0/67 HPs)
             Began as a Demigod Hunter on July 15, 2022.
             Succumbed to a water moccasin's poison
             ... on level 6 of the Dungeon on July 16, 2022.
             The game lasted 00:11:10 (5118 turns).

Hasart the Shooter (Demigod Hunter)                 Turns: 5118, Time: 00:11:11

Health: 0/67       AC:  5    Str: 12    XL:     8   Next: 22%
Magic:  2/10       EV: 15    Int: 11    God:
Gold:   210        SH:  0    Dex: 25    Spells: 7/7 levels left

rFire   . . .      SeeInvis .   d - +1 longbow (vorpal)
rCold   . . .      Faith    .   (shield currently unavailable)
rNeg    . . .      Spirit   +   c - +1 leather armour
rPois   .          Reflect  .   n - +0 helmet
rElec   .          Harm     .   (no cloak)
rCorr   .          Rampage  .   (no gloves)
Will    .....                   (no boots)
Stlth   +++.......              x - amulet of guardian spirit
HPRegen 0.21/turn               (no ring)
MPRegen 0.12/turn               (no ring)

@: lethally poisoned (0 -> -16)
A: high MP 1, forlorn, divine attributes
a: no special abilities


You were on level 6 of the Dungeon.
You visited 1 branch of the dungeon, and saw 6 of its levels.

You collected 285 gold pieces.
You spent 75 gold pieces at shops.

Inventory:

Hand Weapons
 a - a +0 shortbow
 d - a +1 vorpal longbow (weapon)
 m - a +1 arbalest
Missiles
 l - 2 throwing nets
Armour
 c - a +1 leather armour (worn)
 n - a +0 helmet (worn)
Jewellery
 x - an amulet of guardian spirit (around neck)
Wands
 v - a wand of digging (5)
 y - a wand of quicksilver (12)
Scrolls
 b - a scroll of immolation
 f - 2 scrolls of amnesia {unknown}
 g - a scroll of brand weapon {unknown}
 h - a scroll of fear {unknown}
 j - 3 scrolls of teleportation
 o - 4 scrolls of identify
 s - a scroll of summoning
 t - a scroll of magic mapping
 B - a scroll of enchant weapon
 D - a scroll of acquirement
Potions
 e - 3 potions of invisibility
 i - a potion of cancellation
 k - a potion of magic {unknown}
 p - 2 potions of curing {unknown}
 q - 3 potions of haste
 r - 2 potions of mutation {unknown}
 u - a potion of heal wounds {unknown}
 w - 2 potions of brilliance {unknown}
 z - a potion of flight {unknown}
 A - a potion of attraction {unknown}
 C - a potion of degeneration {unknown}


   Skills:
 + Level 4.5 Fighting
 * Level 7.1 Ranged Weapons
 + Level 4.5 Dodging
 + Level 4.6 Stealth


You had 7 spell levels left.
You didn't know any spells.
Your spell library contained the following spells:

 Spells                   Type           Power      Damage    Failure   Level
 Dazzling Flash           Conj/Hex       0%         N/A       80%         3
 Iskenderun's Mystic Bla  Conj/Tloc      0%         2d3       99%         4
 Starburst                Conj/Fire      0%         6d3       100%        6


Dungeon Overview and Level Annotations

Branches:
Dungeon (6/15)             Temple (0/1) D:6

Shops:
D:4 [???   D:5 (


Innate Abilities, Weirdness & Mutations

You have an increased reservoir of magic. (+10% MP)
You shall have no god before yourself.
Your divine heritage dramatically boosts your attributes as you level up.


Message History

The water moccasin poisons you!
Fire: d) +1 longbow (vorpal)
Press: ? - help, Q - select action, (/) - cycle Shift-Dir - straight line, f/p - water moccasin
Aim: a water moccasin (moderately wounded, 54% to hit)
You shoot an arrow.
The arrow closely misses the water moccasin.
You feel extremely sick. The water moccasin bites you! x2
Fire: d) +1 longbow (vorpal)
Press: ? - help, Q - select action, (/) - cycle Shift-Dir - straight line, f/p - water moccasin
Aim: a water moccasin (moderately wounded, 54% to hit)
You shoot an arrow. The arrow hits the water moccasin!
The water moccasin is severely wounded.
You feel extremely sick. The water moccasin barely misses you.
The water moccasin bites you!
You are lethally poisoned!
The water moccasin poisons you!
Unknown command.
Fire: d) +1 longbow (vorpal)
Press: ? - help, Q - select action, (/) - cycle Shift-Dir - straight line, f/p - water moccasin
Aim: a water moccasin (severely wounded, 54% to hit)
You shoot an arrow.
The arrow barely misses the water moccasin.
* * * LOW HITPOINT WARNING * * *
You feel extremely sick. The water moccasin bites you.
* * * LOW HITPOINT WARNING * * *
The water moccasin bites you.
* * * LOW HITPOINT WARNING * * *
Unknown command.
Okay, then.
It was a potion of haste.
You feel yourself speed up.
* * * LOW HITPOINT WARNING * * *
You feel very sick.
The water moccasin bites you but does no damage.
It was a potion of cancellation.
Your magical effects are unravelling.
You feel magically purged.
You feel yourself slow down.
You die...

#.........#
######.####
#.# #.#
###.# #...#
#.### #.#
#@#
......S.#
.....####
.... ... ..
#


You could see a water moccasin.

Vanquished Creatures
  Eustachio (D:5)
  Menkaure (D:4)
  An ice beast (D:5)
  A black bear (D:6)
  A sky beast (D:6)
  A centaur (D:5)
  A phantom (D:5)
  A scorpion (D:5)
  A howler monkey (D:5)
  A jelly (D:6)
  A gnoll bouda (D:4)
  An orc priest (D:4)
  A hound (D:4)
  An iguana (D:5)
  Jessica (D:3)
  3 orc wizards (D:4)
  Ijyb (D:5)
  Robin (D:2)
  16 gnolls
  7 adders
  3 ufetubi (D:5)
  3 worms
  2 dart slugs (D:3)
  15 orcs
  10 ball pythons
  5 bats
  10 endoplasms
  5 giant cockroaches
  14 goblins
  8 hobgoblins
  5 jackals (D:2)
  4 quokkas
  5 frilled lizards
  7 kobolds
  6 rats
145 creatures vanquished.

Notes
Turn   | Place    | Note
-------+----------+-------------------------------------------
     0 | D:1      | Hasart the Demigod Hunter began the quest for the Orb.
     0 | D:1      | Reached XP level 1. HP: 17/17 MP: 3/3
    25 | D:1      | Reached skill level 1 in Stealth
   276 | D:1      | Reached XP level 2. HP: 24/24 MP: 4/4
   582 | D:1      | Reached skill level 4 in Ranged Weapons
   695 | D:1      | Reached XP level 3. HP: 29/29 MP: 5/5
  1086 | D:2      | Noticed Robin
  1169 | D:2      | Killed Robin
  1170 | D:2      | Reached XP level 4. HP: 37/37 MP: 6/6
  1439 | D:2      | Upgraded the game from 0.29-a0-845-g6161e89988 to
                  | 0.29-a0-857-g9b1aa3ac5b
  1950 | D:2      | Identified a scroll of acquirement
  1950 | D:2      | Acquired a +1 vorpal longbow
  2408 | D:3      | Noticed an angel
  2408 | D:3      | Noticed an Executioner
  2463 | D:3      | Noticed Jessica
  2465 | D:3      | Killed Jessica
  2466 | D:3      | Reached XP level 5. HP: 42/42 MP: 7/7
  2928 | D:4      | Reached skill level 5 in Ranged Weapons
  2997 | D:4      | Found Kuentit's Armour Boutique.
  3007 | D:4      | Reached XP level 6. HP: 51/51 MP: 8/8
  3049 | D:4      | Noticed Menkaure
  3056 | D:4      | Killed Menkaure
  3456 | D:4      | Found Ryem Gau's Magic Scroll Shop.
  3526 | D:4      | Found Worovo's Magic Scroll Emporium.
  3534 | D:4      | Bought a scroll of magic mapping for 75 gold pieces
  3760 | D:4      | Found Faczoh's Magic Scroll Boutique.
  3826 | D:5      | Entered Level 5 of the Dungeon
  3826 | D:5      | Found Bytuamuy's Weapon Shoppe.
  3842 | D:5      | Noticed Ijyb
  3850 | D:5      | Reached XP level 7. HP: 38/57 MP: 9/9
  3853 | D:5      | Killed Ijyb
  3871 | D:5      | Noticed Eustachio
  4019 | D:5      | Reached skill level 6 in Ranged Weapons
  4204 | D:5      | Killed Eustachio
  4716 | D:5      | Reached XP level 8. HP: 54/66 MP: 7/10
  4976 | D:6      | Reached skill level 7 in Ranged Weapons
  5067 | D:6      | Found a staircase to the Ecumenical Temple.
  5117 | D:6      | HP: 3/67 [poisoned by a water moccasin]
  5118 | D:6      | Succumbed to a water moccasin's poison

Illustrated notes

Levels and vault maps discovered:
D:1:      reono_arrival_forest_river, layout_loops_ring,
          kennysheep_pointless_box, minivault_11
D:2:      layout_rooms, serial_rivers, chequers_serial_rivers_room_a,
          chequers_serial_rivers_large_b, chequers_serial_rivers_micro_b,
          chequers_serial_rivers_micro_c, ebering_ecumenical_altar_mist,
          uniq_robin
D:3:      layout_loops_corners, grunt_temple_overflow_order_and_chaos_2,
          uniq_jessica
D:4:      layout_rooms, serial_shops, shop, shop, kennysheep_little_box,
          nicolae_take_the_stairs, uniq_menkaure
D:5:      layout_rooms, serial_shops, nicolae_shop_hallway_stairs, uniq_ijyb,
          uniq_eustachio
D:6:      layout_loops_cross, lemuel_doored_altar, dk_yredelemnul_ordeal,
          mainiacjoe_overflow_catwalk, gammafunk_temple_overflow_forgotten,
          nicolae_wu_jian_immortal_techniques, nicolae_qazlal_general_emergency,
          minmay_temple_entry_arrows, serial_bayou_pond_e,
          minmay_misc_feat_columns

Skill      XL: |  1  2  3  4  5  6  7  8 |
---------------+-------------------------+-----
Stealth        | 1 2 3 4 |  4.6
Fighting       | 2 3 4 |  4.5
Dodging        | 2 3 4 |  4.5
Ranged Weapons | 4 5 6 7 |  7.1

Action                   |  1- 3 |  4- 6 |  7- 9 || total
-------------------------+-------+-------+-------++-------
 Fire: Shortbow          |   109 |    36 |       ||   145
       Longbow           |       |   121 |    95 ||   216
  Use: Scroll            |       |     7 |       ||     7
       Potion            |       |       |     2 ||     2
Armor: Leather armour    |     5 |    13 |    10 ||    28
Dodge: Dodged            |    22 |    34 |    55 ||   111

Table legend: (Time is in decaauts)
 A = Elapsed time spent in this place.
 B = Non-inter-level travel time spent in this place.
 C = Inter-level travel time spent in this place.
 D = Time resting spent in this place.
 E = Time spent auto-exploring this place.
 F = Levels seen in this place.
 G = Mean time per level.
                   A        B        C        D        E       F      G
               +--------+--------+--------+--------+--------+-----+--------+
         Total |   5324 |   5168 |    156 |    689 |   3658 |   6 |  887.3 |
       Dungeon |   5324 |   5168 |    156 |    689 |   3658 |   6 |  887.3 |
               +--------+--------+--------+--------+--------+-----+--------+

Top non-repeatable levels by time:
     D:4: 1452 daAuts
     D:2: 1138 daAuts
     D:1: 946 daAuts
     D:3: 943 daAuts
     D:5: 663 daAuts
     D:6: 180 daAuts
